 Dungeon Crawl Stone Soup version 0.30-a0-135-g630cfc4551 (webtiles) character file.

Game seed: 15038223459776656199

4738 ytrimaz the Fighter (level 10, -5/85 HPs)
             Began as a Formicid Fighter on Sept 19, 2022.
             Was a Believer of Okawaru.
             Killed from afar by an acid dragon (21 damage)
             ... with a splash of acid
             ... on level 9 of the Dungeon on Sept 20, 2022.
             The game lasted 00:09:45 (8862 turns).

ytrimaz the Fighter (Formicid Fighter)              Turns: 8862, Time: 00:09:46

Health: -5/85      AC: 10    Str: 25    XL:     10   Next: 74%
Magic:  10/10      EV:  7    Int:  8    God:    Okawaru [**....]
Gold:   507        SH:  5    Dex: 13    Spells: 9/9 levels left

rFire   . . .      SeeInvis +    h - +0 broad axe (vorpal)
rCold   . . .      Faith    .    c - +0 buckler
rNeg    . . .      Spirit   .    t - +0 plate armour
rPois   .          Reflect  .    (helmet unavailable)
rElec   .          Harm     .    (no cloak)
rCorr   .          Rampage  .    (no gloves)
Will    +....                    (no boots)
Stlth   ..........               (no amulet)
HPRegen 0.24/turn                m - +4 ring of protection
MPRegen 0.12/turn                k - +4 ring of slaying

@: lethally poisoned (-5 -> -7), corroded
A: permanent stasis, dig shafts and tunnels, antennae 3, four strong arms
a: Dig, Shaft Self, Renounce Religion, Heroism


You were on level 9 of the Dungeon.
You worshipped Okawaru.
Okawaru was pleased with you.
You visited 2 branches of the dungeon, and saw 10 of its levels.

You collected 507 gold pieces.


Innate Abilities, Weirdness & Mutations

You cannot be hasted, slowed, berserked, paralysed or teleported.
You can dig through walls and to a lower floor.
You have a pair of large antennae on your head. (SInv)
Your four strong arms can wield two-handed weapons with a shield.


   Skills:
 + Level 10.1 Fighting
 + Level 9.0 Axes
 + Level 10.1 Armour
 - Level 0.7 Stealth
 - Level 4.0 Shields


You had 9 spell levels left.
You didn't know any spells.
Your spell library contained the following spells:

 Spells                   Type           Power      Damage    Failure   Level
 Magic Dart               Conj           0%         1d3       99%         1
 Sandblast                Erth           0%         2d4       99%         1
 Passwall                 Tmut/Erth      0%         N/A       100%        2
 Kindle Blastsparks       Fire/Tloc/Air  0%         2d10      100%        3
 Mephitic Cloud           Conj/Pois/Air  0%         N/A       100%        3
 Stone Arrow              Conj/Erth      0%         3d7       100%        3
 Fulminant Prism          Conj/Hex       0%         3d6       100%        4
 Iskenderun's Mystic Bla  Conj/Tloc      0%         2d3       100%        4
 Fireball                 Conj/Fire      0%         3d3       100%        5
 Lee's Rapid Deconstruct  Erth           0%         3d5*      100%        5
 Starburst                Conj/Fire      0%         6d3       100%        6
 Ignition                 Fire           0%         3d3       100%        8
 Call Imp                 Summ           Unusable   N/A       N/A         2

Inventory:

Hand Weapons
 a - a +0 war axe
 d - a +0 battleaxe
   (You found it on level 6 of the Dungeon)
 h - a +0 vorpal broad axe (weapon)
   (You found it on level 5 of the Dungeon)
 p - a +0 hand axe of freezing
   (You took it off an orc on level 6 of the Dungeon)
Armour
 c - a +0 buckler (worn)
 t - a +0 plate armour (worn)
   (You found it on level 3 of the Dungeon)
Jewellery
 e - a ring of poison resistance
   (You found it on level 2 of the Dungeon)
 f - a ring of wizardry
   (You found it on level 1 of the Dungeon)
 k - a +4 ring of slaying (right hand)
   (You found it on level 2 of the Dungeon)
 m - a +4 ring of protection (left hand)
   (You found it on level 2 of the Dungeon)
 q - a ring of resist corrosion
   (You found it on level 3 of the Dungeon)
 x - a ring of willpower
   (You found it on level 9 of the Dungeon)
Wands
 n - a wand of polymorph (7)
   (You found it on level 2 of the Dungeon)
Scrolls
 g - 2 scrolls of enchant weapon
 w - 2 scrolls of identify
Potions
 b - 2 potions of attraction
 i - a potion of heal wounds {unknown}
 j - a potion of magic {unknown}
 l - a potion of cancellation {unknown}
 o - 2 potions of flight
 r - 2 potions of mutation
 s - 2 potions of brilliance
 u - 2 potions of degeneration {unknown}
 v - a potion of invisibility {unknown}

Dungeon Overview and Level Annotations

Branches:
Dungeon (9/15) Zot: 26658  Temple (1/1) D:4 Zot: 5805
   Lair: D:8-11         Orc: D:9-12

Altars:
Ashenzari
Cheibriados
Dithmenos
Elyvilon
Fedhas
Gozag
Hepliaklqana
Kikubaaqudgha
Makhleb
Nemelex Xobeh
Okawaru
Qazlal
Ru
Sif Muna
Trog
Uskayaw
Vehumet
Wu Jian
Yredelemnul
Zin
The Shining One

Shops:
D:2 [=   D:3 !   D:8 *

Annotations:
D:6 1 runed translucent door, bande's ghost, novice HOFi

#.# #.# #.# #.#
#.# #.# #.#
#.#######(###.#
......))@D....#
.####.###.###.#
# #$# #.# ..#
#.. #.. ..


You could see an acid dragon (catching breath).


Message History

You slice the orc wizard!!
You kill the orc wizard!
Okawaru accepts your kill.
You slash the acid dragon! The acid dragon spits acid at you.
The splash of acid hits you! The acid corrodes you! 😕 HP[-14]
You take 14 damage, and now have 65/85 hp.
You barely miss the orc wizard.
You hit the acid dragon but do no damage.
You closely miss the water moccasin.
The water moccasin bites you but does no damage.
The acid dragon bites you.
The acid dragon claws you but does no damage.
The orc wizard hits you with a +0 dagger.
The water moccasin barely misses you. 😮 HP[-6]
You take 6 damage, and now have 59/85 hp.
You closely miss the orc wizard.
You hit the acid dragon but do no damage.
You hit the water moccasin but do no damage.
The acid dragon bites you.
The acid dragon claws you but does no damage.
The orc wizard hits you but does no damage.
You block the water moccasin's attack. 😮 HP[-3]
You take 3 damage, and now have 56/85 hp.
Unknown command.
You hit the acid dragon. You hit the orc wizard.
You closely miss the water moccasin.
The water moccasin bites you but does no damage.
The acid dragon spits acid at you. The splash of acid hits you!
The orc wizard hits you but does no damage.
The water moccasin bites you but does no damage. 😮 HP[-10]
You take 10 damage, and now have 46/85 hp.
You closely miss the acid dragon. You hit the water moccasin.
You barely miss the orc wizard. The acid dragon bites you.
The acid dragon claws you but does no damage.
The orc wizard closely misses you. The water moccasin closely misses you.
The acid dragon bites you but does no damage.
The acid dragon claws you but does no damage.
You block the orc wizard's attack.
You block the water moccasin's attack. 😮 HP[-3]
You take 3 damage, and now have 43/85 hp.
Unknown command.
You miss the orc wizard. You closely miss the acid dragon.
You slash the water moccasin! You block the water moccasin's attack.
The acid dragon spits acid at you. The splash of acid misses you.
The splash of acid hits the orc wizard!
The acid corrodes the orc wizard!
The orc wizard dies! 😮 HP[+1] Unknown command.
The orc barely misses you. You block the water moccasin's attack.
Items here: )) [[ †.
You hit the water moccasin but do no damage.
You slash the orc!
You kill the orc!
Okawaru accepts your kill. The water moccasin bites you.
* * * LOW HITPOINT WARNING * * *
You are poisoned.
The water moccasin poisons you! 😨 HP[-2]
You take 2 damage, and now have 42/85 hp.
You miss the water moccasin.
You feel very sick.
The water moccasin bites you but does no damage. x2 😨 HP[-3]
You take 3 damage, and now have 39/85 hp.
You hit the water moccasin.
You feel sick. The water moccasin barely misses you.
The water moccasin bites you but does no damage. 😨 HP[-2]
You take 2 damage, and now have 37/85 hp.
You hit the water moccasin.
You feel sick.
The water moccasin barely misses you. 😨 HP[-2]
You take 2 damage, and now have 35/85 hp.
Unknown command.
You slash the water moccasin!
You kill the water moccasin!
Okawaru accepts your kill.
You feel sick. The acid dragon spits acid at you. The splash of acid hits you!
* * * LOW HITPOINT WARNING * * *
The acid corrodes you!
Your Axes skill increases to level 9! 😱 HP[-18]
You take 18 damage, and now have 17/85 hp.
MASSIVE DAMAGE!! (PAUSE)
You feel sick. You block the acid dragon's attack.
The acid dragon claws you but does no damage.
You barely miss the acid dragon.
You feel sick. The acid dragon spits acid at you. The splash of acid hits you!!
You die...

Skill      XL: |  1  2  3  4  5  6  7  8  9 10 |
---------------+-------------------------------+-----
Fighting       | 4 5 6 7 8 10 | 10.1
Armour         | 5 6 7 8 10 | 10.1
Axes           | 4 5 6 7 9 |  9.0
Stealth        | |  0.7
Shields        | |  4.0

Action                   |  1- 3 |  4- 6 |  7- 9 | 10-12 || total
-------------------------+-------+-------+-------+-------++-------
Melee: War axe           |    71 |    35 |   132 |       ||   238
       Broad axe         |       |       |   134 |   141 ||   275
  Use: Scroll            |     2 |     1 |     8 |     3 ||    14
       Potion            |       |     1 |     2 |       ||     3
Armor: Scale mail        |    29 |    24 |    12 |       ||    65
       Plate armour      |       |       |   190 |   114 ||   304
Dodge: Dodged            |    33 |    24 |    92 |    67 ||   216
Block: Buckler           |    17 |    13 |    84 |    46 ||   160

Levels and vault maps discovered:
D:1:      amcnicky_arrival_wind_blow, layout_basic,
          shapermc_ecumenical_altar_acropolis
D:2:      cheibrodos_old_hovel, layout_rooms, serial_shops, shop, shop_statue
D:3:      cheibrodos_fertilizer, layout_basic, serial_shops, shop,
          lightli_sewer_entry_pipes, minivault_14, uniq_grinder
D:4:      layout_rooms, minmay_temple_entry_from_below_b
D:5:      layout_rooms, gammafunk_temple_overflow_statue, chequers_mini_garden,
          serial_park_tiny_2, st_stairs_3
D:6:      layout_layer_cave, lemuel_crystal_altar, mainiacjoe_overflow_swirl,
          ebering_ghost_reflecting_pool, wad_floor_pattern_2
D:7:      layout_basic, trog_book, amethyst_overflow_temple_binary,
          serial_undead, serial_undead_a, serial_undead_f, serial_undead_b,
          serial_undead_d, bh_walls_and_bars
D:8:      layout_loops_corners, grunt_dithmenos_smoke_and_mirrors, zin_purify,
          minmay_misc_feat_rows
D:9:      layout_loops_ring, serial_shops, nicolae_shop_statue_plus,
          minivault_11, nicolae_benzene_ring
Temple:   chequers_temple_sunken

Notes
Turn   | Place    | Note
-------+----------+-------------------------------------------
     0 | D:1      | ytrimaz the Formicid Fighter began the quest for the Orb.
     0 | D:1      | Reached XP level 1. HP: 18/18 MP: 1/1
     0 | D:1      | magus.rc [v1.9.6]
   104 | D:1      | Found a faded altar of an unknown god.
   135 | D:1      | Reached XP level 2. HP: 24/24 MP: 2/2
  1079 | D:2      | Found Fivuokle's Jewellery Shop.
  1155 | D:2      | Reached XP level 3. HP: 29/30 MP: 3/3
  1219 | D:2      | Found Nijatuf's Armour Shop.
  1408 | D:2      | You pick up a book of Minor Magic and begin reading...
  1408 | D:2      | You add the spells Magic Dart, Call Imp and Mephitic Cloud
                  | to your library.
  1502 | D:2      | You pick up a book of Blasting and begin reading...
  1502 | D:2      | You add the spells Kindle Blastsparks, Fulminant Prism,
                  | Iskenderun's Mystic Blast and Lee's Rapid Deconstruction to
                  | your library.
  1565 | D:2      | Reached skill level 4 in Fighting
  1722 | D:3      | Reached XP level 4. HP: 31/37 MP: 4/4
  1735 | D:3      | Reached skill level 4 in Armour
  1742 | D:3      | Reached skill level 3 in Axes
  2035 | D:3      | Found Ronoc's Distillery.
  2036 | D:3      | Noticed Grinder
  2050 | D:3      | Killed Grinder
  2051 | D:3      | Reached skill level 5 in Fighting
  2051 | D:3      | Reached skill level 4 in Axes
  2051 | D:3      | Reached skill level 5 in Armour
  2051 | D:3      | Reached XP level 5. HP: 32/44 MP: 5/5
  2051 | D:3      | Reached XP level 6. HP: 37/51 MP: 6/6
  2162 | D:3      | Noticed a sky beast
  2177 | D:3      | Killed a sky beast
  2178 | D:3      | Reached XP level 7. HP: 48/56 MP: 7/7
  3118 | D:4      | Reached skill level 6 in Fighting
  3120 | D:4      | Reached skill level 6 in Armour
  3228 | D:4      | Reached skill level 5 in Axes
  3228 | D:4      | Reached XP level 8. HP: 64/64 MP: 8/8
  3284 | D:4      | You pick up a book of Fire and begin reading...
  3284 | D:4      | You add the spells Fireball, Starburst and Ignition to your
                  | library.
  3293 | D:4      | Found a staircase to the Ecumenical Temple.
  3630 | D:5      | Entered Level 5 of the Dungeon
  3640 | D:5      | HP: 12/65 [orc priest/divine providence (9)]
  3648 | D:5      | Reached skill level 7 in Fighting
  3648 | D:5      | Reached skill level 7 in Armour
  4077 | D:5      | Reached skill level 6 in Axes
  4236 | D:5      | Reached XP level 9. HP: 71/72 MP: 9/9
  4690 | D:5      | Found an opulent altar of Gozag.
  4691 | D:5      | Found a white marble altar of Elyvilon.
  4759 | Temple   | Entered the Ecumenical Temple
  4885 | Temple   | Became a worshipper of Warmaster Okawaru
  4979 | D:6      | Reached skill level 8 in Fighting
  4979 | D:6      | Reached skill level 8 in Armour
  5014 | D:6      | Reached skill level 7 in Axes
  5058 | D:6      | Found a broken altar of Ashenzari.
  5224 | D:6      | Reached * piety under Okawaru
  5951 | D:6      | Found a shimmering blue altar of Sif Muna.
  5997 | D:6      | Found a sacrificial altar of Ru.
  6301 | D:6      | Found a runed translucent door.
  6329 | D:6      | Noticed bande's ghost (novice HOFi)
  6440 | D:7      | Found a bloodstained altar of Trog.
  6504 | D:7      | Reached XP level 10. HP: 76/82 MP: 10/10
  6557 | D:7      | Reached skill level 9 in Fighting
  6559 | D:7      | Reached skill level 9 in Armour
  6567 | D:7      | Reached skill level 8 in Axes
  6740 | D:7      | Reached ** piety under Okawaru
  6919 | D:7      | Upgraded the game from 0.30-a0-134-gb40fab5c76 to
                  | 0.30-a0-135-g630cfc4551
  6919 | D:7      | magus.rc [v1.9.6]
  6973 | D:7      | Found a sparkling altar of Nemelex Xobeh.
  6975 | D:7      | Found a glowing golden altar of the Shining One.
  7582 | D:8      | Identified a +2 robe of the Archmagi
  7775 | D:8      | Found a shadowy altar of Dithmenos.
  7783 | D:8      | You pick up a book of Geomancy and begin reading...
  7783 | D:8      | You add the spells Sandblast, Passwall and Stone Arrow to
                  | your library.
  8085 | D:8      | Found a glowing silver altar of Zin.
  8086 | D:8      | Found Zin's Purification Station.
  8177 | D:8      | Reached skill level 10 in Fighting
  8181 | D:8      | Reached *** piety under Okawaru
  8187 | D:8      | Reached skill level 10 in Armour
  8860 | D:9      | HP: 17/85 [acid dragon/splash of acid (17)]
  8861 | D:9      | Reached skill level 9 in Axes
  8862 | D:9      | Killed from afar by an acid dragon

Vanquished Creatures
  Grinder (D:3)
  A steam dragon (D:6)
  2 water moccasins
  4 orc warriors
  A hornet zombie (D:7)
  A sky beast (D:3)
  2 black bears
  2 ice beasts
  2 ogres (D:6)
  A phantom (D:5)
  2 bullfrogs
  A kobold brigand (D:7)
  A gnoll sergeant (D:7)
  3 wyvern zombies (D:7)
  5 scorpions
  12 wights
  5 howler monkeys
  A centaur zombie (D:7)
  2 hounds
  4 jellies
  7 orc priests
  A gnoll bouda (D:8)
  13 orc wizards
  8 iguanas
  5 killer bee zombies (D:7)
  A howler monkey zombie (D:7)
  11 gnolls
  13 adders
  2 river rats (D:3)
  A white imp (D:6)
  7 worms
  A dart slug (D:4)
  40 orcs
  14 endoplasms
  4 giant cockroaches
  3 goblins
  A hobgoblin (D:3)
  4 jackals (D:4)
  2 quokkas (D:1)
  6 ball pythons
  4 bats
  4 frilled lizards
  12 kobolds
  8 rats
225 creatures vanquished.

Vanquished Creatures (others)
  An orc wizard (D:9)
  2 fungi (D:3)
  7 toadstools (D:3)
  2 withered plants (D:7)
12 creatures vanquished.

Grand Total: 237 creatures vanquished

Table legend:
 A = Non-vault XP
 B = Vault XP
 C = Vault XP percentage of total XP
 D = Non-vault monster count
 E = Vault monster count
 F = Vault count percentage of total count
                 A         B        C        D         E       F
            +---------+---------+-------+---------+---------+-------
      Total |    5265 |    1504 |  22.2 |     174 |      52 |  23.0
            +---------+---------+-------+---------+---------+-------
        D:1 |      24 |       0 |   0.0 |      16 |       0 |   0.0
        D:2 |      39 |       5 |  11.4 |       8 |       1 |  11.1
        D:3 |     275 |     549 |  66.6 |      17 |      35 |  67.3
        D:4 |     458 |       0 |   0.0 |      23 |       0 |   0.0
        D:5 |    1064 |     123 |  10.4 |      35 |       2 |   5.4
        D:6 |     980 |       0 |   0.0 |      18 |       0 |   0.0
        D:7 |     684 |     827 |  54.7 |      21 |      14 |  40.0
        D:8 |    1373 |       0 |   0.0 |      28 |       0 |   0.0
        D:9 |     368 |       0 |   0.0 |       8 |       0 |   0.0
            +---------+---------+-------+---------+---------+-------

Illustrated notes

Table legend:
 A = Kills in this place as a percentage of kills in entire the game.
 B = Kills by you in this place as a percentage of kills by you in the entire game.
 C = Kills by friends in this place as a percentage of kills by friends in the entire game.
 D = Other kills in this place as a percentage of other kills in the entire game.
 E = Experience gained in this place as a percentage of experience gained in the entire game.
 F = Experience gained in this place divided by the number of levels of this place that you have seen.
                   A       B       C       D       E      F
               +-------+-------+-------+-------+-------+----------------------
         Total | 100.0 | 100.0 |   N/A | 100.0 | 100.0 | 676.9
       Dungeon | 100.0 | 100.0 |   N/A | 100.0 | 100.0 | 752.1
               +-------+-------+-------+-------+-------+----------------------

Table legend: (Time is in decaauts)
 A = Elapsed time spent in this place.
 B = Non-inter-level travel time spent in this place.
 C = Inter-level travel time spent in this place.
 D = Time resting spent in this place.
 E = Time spent auto-exploring this place.
 F = Levels seen in this place.
 G = Mean time per level.
                   A        B        C        D        E       F      G
               +--------+--------+--------+--------+--------+-----+--------+
         Total |   9089 |   8740 |    349 |    452 |   6750 |  10 |  908.9 |
       Dungeon |   8895 |   8571 |    324 |    452 |   6619 |   9 |  988.3 |
        Temple |    194 |    169 |     25 |      0 |    130 |   1 |  194.0 |
               +--------+--------+--------+--------+--------+-----+--------+

Top non-repeatable levels by time:
     D:3: 1466 daAuts
     D:6: 1424 daAuts
     D:8: 1213 daAuts
     D:1: 1071 daAuts
     D:7: 990 daAuts
     D:4: 905 daAuts
     D:5: 814 daAuts
     D:2: 669 daAuts
     D:9: 340 daAuts
  Temple: 194 daAuts
